[ PARTIDA AOE2 · #479695554 ]
UnrankedEspañoles vs Armenians
[ ANÁLISIS DE REPETICIÓN · EXTRAÍDO DE LA PARTIDA GRABADA ]
Feudal
13:39
Castillos
17:13
Imperial
—
| APM promedio | 35.0 |
| APM pico | 59 |
| eAPM promedio | 14.0 |
| Aldeanos / militares | 47 / 15 |
Foco
⚔️ 22.5% · 🌾 77.5%
Conquistador ×15 · Fishing Ship ×9
Feudal
13:44
Castillos
17:23
Imperial
—
| APM promedio | 39.0 |
| APM pico | 80 |
| eAPM promedio | 16.6 |
| Aldeanos / militares | 41 / 8 |
Foco
⚔️ 23.6% · 🌾 76.4%
Unknown (2626) ×8 · Fishing Ship ×7 · Monk ×4 · Galley ×4
Feudal
13:14
Castillos
17:40
Imperial
—
| APM promedio | 39.0 |
| APM pico | 91 |
| eAPM promedio | 11.3 |
| Aldeanos / militares | 22 / 4 |
Foco
⚔️ 18.5% · 🌾 81.5%
Fishing Ship ×6 · Unknown (2626) ×4 · Genoese Crossbowman ×4
Feudal
13:38
Castillos
17:17
Imperial
—
| APM promedio | 27.3 |
| APM pico | 46 |
| eAPM promedio | 15.4 |
| Aldeanos / militares | 29 / 0 |
Foco
⚔️ 29.8% · 🌾 70.2%
Fishing Ship ×10
Mapa de la partida
Recursos iniciales + cada clic de construcción. Líneas = muros · curvas = relieve. ◆ oro · ⬟ piedra · ● bayas · ✦ reliquia · ◌ hueco del cierre
Tu base· Abierta — flanco sin cerrar
Base de PieterDela· Abierta — hueco de 3t
Base de Chucky Somisa· Abierta — hueco de 5t
Base de dioroja· Abierta — flanco sin cerrar
Terreno inicial suavizado · ◌ = hueco del cierre detectado · pasá el cursor para detalles
Inputs por minuto
— Cazaputas42 - - PieterDela
Build order — Cazaputas42
106 acciones detectadas en el replay
| 0:07 | Construir | House |
| 0:30 | Construir | Town Center |
| 1:21 | Construir | Dock |
| 2:37 | Crear | Villager (Male) |
| 2:37 | Crear | Villager (Male) |
| 2:37 | Crear | Villager (Male) |
| 2:38 | Crear | Villager (Male) |
| 2:38 | Crear | Villager (Male) |
| 4:02 | Crear | Villager (Male) |
| 4:02 | Crear | Villager (Male) |
| 4:11 | Crear | Fishing Ship |
| 4:11 | Crear | Fishing Ship |
| 4:28 | Construir | House |
| 4:43 | Crear | Villager (Male) |
| 4:44 | Crear | Villager (Male) |
| 5:08 | Crear | Villager (Male) |
| 5:27 | Crear | Villager (Male) |
| 5:28 | Crear | Villager (Male) |
| 5:29 | Construir | House |
| 5:52 | Crear | Villager (Male) |
| 5:52 | Crear | Villager (Male) |
| 6:08 | Crear | Villager (Male) |
| 6:08 | Crear | Villager (Male) |
| 6:20 | Crear | Villager (Male) |
| 6:21 | Crear | Villager (Male) |
| 6:24 | Construir | House |
| 6:34 | Construir | House |
| 6:42 | Crear | Villager (Male) |
| 6:42 | Crear | Villager (Male) |
| 6:55 | Crear | Fishing Ship |
| 6:56 | Crear | Fishing Ship |
| 7:03 | Crear | Villager (Male) |
| 7:03 | Crear | Villager (Male) |
| 7:12 | Construir | House |
| 7:24 | Construir | House |
| 7:33 | Crear | Villager (Male) |
| 7:33 | Crear | Villager (Male) |
| 7:49 | Construir | House |
| 8:01 | Crear | Villager (Male) |
| 8:02 | Crear | Villager (Male) |
| 8:20 | Crear | Villager (Male) |
| 8:20 | Crear | Villager (Male) |
| 8:21 | Crear | Fishing Ship |
| 8:22 | Crear | Fishing Ship |
| 8:22 | Crear | Fishing Ship |
| 8:28 | Crear | Villager (Male) |
| 9:01 | Crear | Fishing Ship |
| 9:04 | Crear | Villager (Male) |
| 9:05 | Crear | Villager (Male) |
| 9:14 | Construir | House |
| 9:24 | Construir | House |
| 9:40 | Crear | Villager (Male) |
| 9:42 | Construir | Mill |
| 9:57 | Construir | House |
| 10:10 | Investigar | Loom |
| 10:40 | Construir | House |
| 10:52 | Construir | House |
| 11:04 | Construir | House |
| 11:29 | Investigar | Feudal Age |
| 12:02 | Crear | Fishing Ship |
| 12:20 | Construir | House |
| 12:41 | Crear | Villager (Male) |
| 12:41 | Crear | Villager (Male) |
| 13:00 | Construir | House |
| 13:11 | Construir | House |
| 13:23 | Construir | House |
| 13:39 | Edad | Edad Feudal |
| 13:44 | Construir | Market |
| 13:47 | Construir | Blacksmith |
| 14:26 | Construir | Mining Camp |
| 14:33 | Investigar | Castle Age |
| 14:41 | Construir | Outpost |
| 16:33 | Crear | Villager (Male) |
| 17:13 | Edad | Edad de los Castillos |
| 17:19 | Construir | Castle |
| 17:32 | Crear | Villager (Male) |
| 17:47 | Crear | Villager (Male) |
| 17:49 | Construir | Lumber Camp |
| 18:02 | Crear | Conquistador |
| 18:03 | Crear | Conquistador |
| 18:03 | Crear | Conquistador |
| 18:07 | Crear | Villager (Male) |
| 18:19 | Crear | Conquistador |
| 18:20 | Crear | Conquistador |
| 18:33 | Crear | Villager (Male) |
| 18:44 | Crear | Villager (Male) |
| 18:51 | Crear | Conquistador |
| 18:52 | Crear | Conquistador |
| 18:52 | Crear | Conquistador |
| 19:03 | Construir | Farm |
| 19:09 | Crear | Conquistador |
| 19:09 | Crear | Conquistador |
| 19:16 | Crear | Villager (Male) |
| 19:31 | Investigar | Stone Mining |
| 20:04 | Crear | Conquistador |
| 20:04 | Crear | Conquistador |
| 20:04 | Crear | Conquistador |
| 20:04 | Crear | Conquistador |
| 20:05 | Crear | Conquistador |
| 20:07 | Crear | Villager (Male) |
| 20:08 | Crear | Villager (Male) |
| 20:41 | Crear | Villager (Male) |
| 21:10 | Crear | Villager (Male) |
| 21:39 | Construir | Castle |
| 21:43 | Crear | Villager (Male) |
| 22:05 | Crear | Villager (Male) |
Build order — PieterDela
100 acciones detectadas en el replay
| 0:02 | Construir | Town Center |
| 0:46 | Construir | Dock |
| 0:48 | Construir | House |
| 2:21 | Crear | Villager (Male) |
| 2:22 | Crear | Villager (Male) |
| 2:22 | Crear | Villager (Male) |
| 2:22 | Crear | Villager (Male) |
| 3:53 | Crear | Villager (Male) |
| 3:53 | Crear | Villager (Male) |
| 3:58 | Crear | Fishing Ship |
| 3:58 | Crear | Fishing Ship |
| 4:04 | Construir | House |
| 4:28 | Investigar | Loom |
| 4:53 | Crear | Villager (Male) |
| 5:05 | Crear | Fishing Ship |
| 5:18 | Crear | Villager (Male) |
| 5:19 | Crear | Villager (Male) |
| 5:33 | Crear | Villager (Male) |
| 5:33 | Crear | Villager (Male) |
| 6:08 | Crear | Villager (Male) |
| 6:17 | Crear | Fishing Ship |
| 6:30 | Construir | House |
| 6:32 | Crear | Villager (Male) |
| 6:57 | Crear | Villager (Male) |
| 7:07 | Crear | Fishing Ship |
| 7:15 | Construir | House |
| 7:17 | Crear | Villager (Male) |
| 7:17 | Crear | Villager (Male) |
| 7:17 | Crear | Villager (Male) |
| 7:38 | Crear | Villager (Male) |
| 7:59 | Crear | Villager (Male) |
| 8:01 | Construir | House |
| 8:02 | Crear | Fishing Ship |
| 8:14 | Construir | Palisade Wall |
| 8:22 | Construir | Palisade Wall |
| 8:31 | Crear | Villager (Male) |
| 8:32 | Crear | Villager (Male) |
| 8:32 | Crear | Villager (Male) |
| 8:36 | Construir | Mill |
| 9:04 | Crear | Villager (Male) |
| 9:07 | Crear | Villager (Male) |
| 9:22 | Crear | Fishing Ship |
| 9:28 | Construir | House |
| 10:20 | Crear | Villager (Male) |
| 10:23 | Construir | Mule Cart |
| 11:17 | Construir | Dock |
| 11:34 | Investigar | Feudal Age |
| 13:12 | Construir | House |
| 13:44 | Edad | Edad Feudal |
| 13:45 | Construir | Market |
| 13:48 | Construir | Blacksmith |
| 13:49 | Crear | Villager (Male) |
| 14:18 | Crear | Villager (Male) |
| 14:26 | Investigar | Double-Bit Axe |
| 14:35 | Investigar | Castle Age |
| 14:35 | Investigar | Castle Age |
| 14:47 | Crear | Unit 2626 |
| 14:47 | Crear | Unit 2626 |
| 14:51 | Construir | House |
| 15:33 | Crear | Villager (Male) |
| 15:57 | Crear | Galley |
| 15:58 | Crear | Galley |
| 16:02 | Crear | Unit 2626 |
| 16:03 | Crear | Unit 2626 |
| 16:04 | Crear | Villager (Male) |
| 16:05 | Construir | House |
| 16:35 | Construir | House |
| 17:23 | Edad | Edad de los Castillos |
| 17:26 | Crear | Villager (Male) |
| 17:32 | Construir | Monastery |
| 17:33 | Crear | Villager (Male) |
| 17:48 | Investigar | War Galley (upgrade) |
| 17:49 | Crear | Villager (Male) |
| 18:01 | Investigar | Fletching |
| 18:03 | Construir | Farm |
| 18:09 | Construir | Mule Cart |
| 18:10 | Crear | Villager (Male) |
| 18:16 | Construir | Mule Cart |
| 18:37 | Construir | Mule Cart |
| 18:45 | Crear | Monk |
| 18:54 | Crear | Villager (Male) |
| 19:04 | Construir | House |
| 19:07 | Crear | Unit 2626 |
| 19:07 | Crear | Unit 2626 |
| 19:22 | Crear | Villager (Male) |
| 19:47 | Crear | Unit 2626 |
| 19:47 | Crear | Unit 2626 |
| 19:48 | Crear | Villager (Male) |
| 20:00 | Crear | Monk |
| 20:06 | Crear | Villager (Male) |
| 20:18 | Crear | Galley |
| 20:19 | Crear | Galley |
| 20:34 | Construir | Monastery |
| 20:37 | Crear | Villager (Male) |
| 21:00 | Crear | Villager (Male) |
| 21:25 | Crear | Villager (Male) |
| 21:29 | Crear | Monk |
| 21:29 | Crear | Monk |
| 21:35 | Crear | Villager (Male) |
| 21:38 | Construir | Mule Cart |
Build order — Chucky Somisa
64 acciones detectadas en el replay
| 0:17 | Construir | House |
| 0:51 | Construir | Town Center |
| 2:15 | Construir | Dock |
| 3:09 | Crear | Villager (Male) |
| 3:10 | Crear | Villager (Male) |
| 3:10 | Crear | Villager (Male) |
| 3:17 | Crear | Villager (Male) |
| 4:29 | Crear | Fishing Ship |
| 4:47 | Construir | House |
| 5:02 | Crear | Villager (Male) |
| 5:04 | Investigar | Loom |
| 5:33 | Crear | Fishing Ship |
| 6:00 | Crear | Villager (Male) |
| 6:43 | Construir | House |
| 6:45 | Crear | Fishing Ship |
| 6:50 | Crear | Villager (Male) |
| 7:07 | Crear | Fishing Ship |
| 7:17 | Crear | Villager (Male) |
| 7:33 | Construir | House |
| 7:51 | Crear | Villager (Male) |
| 7:53 | Crear | Fishing Ship |
| 8:30 | Crear | Villager (Male) |
| 8:44 | Construir | House |
| 8:48 | Construir | House |
| 9:13 | Crear | Villager (Male) |
| 9:13 | Crear | Villager (Male) |
| 9:18 | Crear | Fishing Ship |
| 9:41 | Construir | Mill |
| 9:48 | Crear | Villager (Male) |
| 10:27 | Crear | Villager (Male) |
| 10:33 | Construir | House |
| 11:04 | Investigar | Feudal Age |
| 11:10 | Construir | Mining Camp |
| 13:06 | Crear | Villager (Male) |
| 13:14 | Edad | Edad Feudal |
| 13:20 | Construir | Market |
| 13:23 | Construir | Blacksmith |
| 13:25 | Construir | Palisade Wall |
| 13:33 | Construir | Market |
| 13:47 | Crear | Unit 2626 |
| 13:53 | Crear | Villager (Male) |
| 15:00 | Investigar | Castle Age |
| 15:48 | Construir | Outpost |
| 16:01 | Crear | Unit 2626 |
| 16:22 | Construir | Outpost |
| 17:22 | Crear | Unit 2626 |
| 17:40 | Construir | House |
| 17:40 | Edad | Edad de los Castillos |
| 18:01 | Construir | Castle |
| 18:06 | Crear | Villager (Male) |
| 18:06 | Crear | Villager (Male) |
| 18:42 | Construir | House |
| 18:43 | Construir | House |
| 19:03 | Crear | Genoese Crossbowman |
| 19:03 | Crear | Genoese Crossbowman |
| 19:36 | Investigar | Fletching |
| 19:54 | Crear | Genoese Crossbowman |
| 19:54 | Crear | Genoese Crossbowman |
| 20:06 | Crear | Unit 2626 |
| 20:08 | Crear | Villager (Male) |
| 20:08 | Crear | Villager (Male) |
| 20:16 | Construir | House |
| 20:20 | Crear | Villager (Male) |
| 20:20 | Crear | Villager (Male) |
Build order — dioroja
73 acciones detectadas en el replay
| 0:21 | Construir | Dock |
| 0:22 | Construir | House |
| 0:46 | Construir | Town Center |
| 2:49 | Crear | Villager (Male) ×4 |
| 2:49 | Crear | Villager (Male) ×4 |
| 3:45 | Crear | Villager (Male) |
| 4:22 | Crear | Fishing Ship |
| 4:23 | Crear | Fishing Ship |
| 4:45 | Crear | Villager (Male) |
| 5:01 | Construir | House |
| 5:18 | Crear | Villager (Male) |
| 5:44 | Crear | Fishing Ship |
| 5:44 | Crear | Fishing Ship |
| 5:52 | Crear | Villager (Male) |
| 6:12 | Crear | Villager (Male) |
| 6:14 | Construir | House |
| 6:42 | Crear | Villager (Male) |
| 6:46 | Crear | Villager (Male) |
| 6:55 | Crear | Villager (Male) |
| 7:15 | Crear | Fishing Ship |
| 7:51 | Construir | Mill |
| 7:53 | Crear | Villager (Male) |
| 8:07 | Construir | House |
| 8:10 | Crear | Villager (Male) |
| 8:29 | Crear | Villager (Male) |
| 8:46 | Crear | Villager (Male) |
| 8:48 | Crear | Fishing Ship |
| 8:48 | Crear | Fishing Ship |
| 9:24 | Crear | Villager (Male) |
| 9:37 | Crear | Fishing Ship |
| 9:41 | Construir | House |
| 10:00 | Crear | Villager (Male) |
| 10:20 | Construir | House |
| 10:23 | Crear | Villager (Male) |
| 10:24 | Crear | Fishing Ship |
| 10:32 | Investigar | Loom |
| 11:12 | Crear | Fishing Ship |
| 11:23 | Construir | Palisade Wall |
| 11:28 | Investigar | Feudal Age |
| 11:30 | Construir | Palisade Wall |
| 11:36 | Construir | Palisade Wall |
| 11:43 | Construir | Palisade Wall |
| 11:59 | Construir | Palisade Wall |
| 12:05 | Construir | Mining Camp |
| 12:09 | Construir | Palisade Wall |
| 12:56 | Construir | House |
| 13:21 | Crear | Villager (Male) |
| 13:21 | Crear | Villager (Male) |
| 13:38 | Edad | Edad Feudal |
| 13:39 | Construir | Market |
| 13:43 | Construir | Market |
| 13:46 | Construir | Blacksmith |
| 14:25 | Construir | Outpost |
| 14:37 | Investigar | Castle Age |
| 14:54 | Construir | House |
| 15:03 | Construir | Palisade Wall |
| 15:05 | Construir | Palisade Wall |
| 15:23 | Crear | Villager (Male) |
| 15:48 | Construir | Palisade Wall |
| 16:12 | Construir | House |
| 17:17 | Edad | Edad de los Castillos |
| 17:19 | Construir | Castle |
| 18:00 | Investigar | Town Watch |
| 18:14 | Construir | Castle |
| 18:24 | Construir | Castle |
| 18:35 | Construir | Town Center |
| 19:25 | Crear | Villager (Male) |
| 19:26 | Crear | Villager (Male) |
| 19:49 | Investigar | Fletching |
| 20:10 | Crear | Villager (Male) |
| 20:35 | Construir | Siege Workshop |
| 21:11 | Investigar | Bodkin Arrow |
| 21:12 | Investigar | Bodkin Arrow |
Cronología de la partida
| 0:21 | dioroja · first_building Dock |
| 0:46 | PieterDela · first_building Dock |
| 1:21 | Cazaputas42 · first_building Dock |
| 2:15 | Chucky Somisa · first_building Dock |
| 8:14 | PieterDela · wall_segment Palisade Wall x1 |
| 8:22 | PieterDela · wall_segment Palisade Wall x1 |
| 11:23 | dioroja · wall_segment Palisade Wall x1 |
| 11:30 | dioroja · wall_segment Palisade Wall x1 |
| 11:36 | dioroja · wall_segment Palisade Wall x1 |
| 11:43 | dioroja · wall_segment Palisade Wall x1 |
| 11:59 | dioroja · wall_segment Palisade Wall x1 |
| 12:09 | dioroja · wall_segment Palisade Wall x1 |
| 13:14 | Chucky Somisa · age_up feudal |
| 13:25 | Chucky Somisa · wall_segment Palisade Wall x1 |
| 13:38 | dioroja · age_up feudal |
| 13:39 | Cazaputas42 · age_up feudal |
| 13:44 | PieterDela · age_up feudal |
| 14:33 | dioroja · first_market_sell 100 stone |
| 14:34 | dioroja · first_market_buy 100 food |
| 15:03 | dioroja · wall_segment Palisade Wall x5 |
| 15:05 | dioroja · wall_segment Palisade Wall x3 |
| 15:48 | dioroja · wall_segment Palisade Wall x5 |
| 15:57 | Cazaputas42 · first_market_sell 100 food |
| 15:58 | Cazaputas42 · first_market_buy 100 stone |
| 17:13 | Cazaputas42 · age_up castle |
| 17:17 | dioroja · age_up castle |
| 17:19 | Cazaputas42 · first_building Castle |
| 17:19 | dioroja · first_building Castle |
| 17:23 | PieterDela · age_up castle |
| 17:32 | PieterDela · first_building Monastery |
| 17:40 | Chucky Somisa · age_up castle |
| 17:49 | Chucky Somisa · first_market_buy 100 food |
| 17:51 | Chucky Somisa · first_market_sell 100 food |
| 18:01 | Chucky Somisa · first_building Castle |
| 20:35 | dioroja · first_building Siege Workshop |
| 21:57 | PieterDela · resign |
[ ANÁLISIS IA · 1 CRÉDITO ]
¿Qué pasó realmente en esta partida?
Wolo.gg analiza cada decisión: build order, eco, micro, errores típicos por bracket. Análisis personalizado por WhatsApp o Discord en 30 segundos.
Guía civ
Españoles
Perfil
Jugador #24654375